AoeStats
← Fireworks

Nomad

507927368Analyzed
4v4 RM · 13d ago on Sep 20, 2026· 64m 53s· 8 players
Game mode
Random Map
Map size
231×231
Population
200
Speed
Normal
Resources
Standard
Victory
Conquest
Starting age
Dark Age
Ending age
Imperial Age
RankedLock teamsTeams togetherTeam positionsShared explorationLock speedFull tech treeHidden civsTurbo modeCheats
Victory
Defeat
🇻🇳 Ethiopians · Vietnam
1436
+17
🇺🇸 Lithuanians · United States
1412
+18
🇻🇳 Britons · Vietnam
1411
+18
🇩🇪 Persians · Germany
1361
+20
🇨🇳 Vikings · China
1537
-22
🇨🇳 Portuguese · China
1479
-19
🇨🇳 Japanese · China
1406
-16
🇨🇳 Malay · China
1396
-16
Valodimer
12:34 Feudal Age
15:58 Fletching
19:10 Castle Age
19:46 Loom
24:32 Bodkin Arrow
27:49 Ballistics
33:09 Double-Bit Axe
37:58 Padded Archer Armor
39:05 Yeomen
48:46 Stone Mining
48:50 Gold Mining
50:50 Bow Saw
51:38 Wheelbarrow
63:07 Imperial Age
63:59 Masonry
64:50 Bracer
AOE2.GG | NONO
4:38 Loom
14:47 Feudal Age
20:09 Castle Age
20:43 Scale Barding Armor
20:48 Forging
21:09 Medium Warships
21:01 Double-Bit Axe
22:58 Horse Collar
25:37 Wheelbarrow
34:47 Bow Saw
35:20 Fletching
35:51 Chain Barding Armor
36:06 Iron Casting
36:07 Heavy Plow
36:23 Bodkin Arrow
36:41 Bloodlines
36:31 Husbandry
40:13 Imperial Age
38:10 Hand Cart
37:41 Town Watch
38:24 Stone Mining
42:21 Crop Rotation
42:53 Two-Man Saw
41:16 Cavalier
43:36 Conscription
43:28 Citadels
43:46 Ballistics
44:27 Chemistry
43:22 Murder Holes
43:37 Masonry
44:03 Savar
45:35 Town Patrol
45:38 Gold Mining
46:23 Stone Shaft Mining
46:30 Hoardings
48:14 Plate Barding Armor
48:39 Blast Furnace
47:35 Bodkin Arrow
48:41 Gold Shaft Mining
48:20 Light Cavalry
50:19 Architecture
51:37 Elite War Elephant
52:18 Kamandaran
52:44 Elite Skirmisher
52:45 Crossbowman
53:30 Thumb Ring
53:35 Padded Archer Armor
54:36 Blast Furnace
56:05 Leather Archer Armor
56:52 Sappers
62:42 Ring Archer Armor
virttuallG
5:03 Loom
13:24 Feudal Age
15:22 Fishing Lines
17:51 Castle Age
16:52 Double-Bit Axe
17:01 Gold Mining
18:23 Bloodlines
18:20 Scale Barding Armor
19:02 Forging
19:12 Bow Saw
21:27 Horse Collar
23:33 Wheelbarrow
23:22 Husbandry
27:11 Fletching
28:02 Chain Barding Armor
29:53 Iron Casting
41:56 Imperial Age
39:47 Bodkin Arrow
42:00 Elite Leitis
43:17 Plate Barding Armor
43:07 Conscription
44:01 Light Cavalry
47:01 Bracer
47:22 Winged Hussar
48:16 Tower Shields
48:20 Padded Archer Armor
49:37 Leather Archer Armor
48:47 Elite Skirmisher
49:33 Thumb Ring
53:22 Ballistics
55:37 Hill Forts
57:37 Chemistry
57:09 Ring Archer Armor
62:38 Two-Man Saw
bina
13:05 Feudal Age
16:56 Castle Age
15:20 Double-Bit Axe
15:27 Horse Collar
16:04 Loom
16:50 Fletching
17:52 Bow Saw
17:03 Crossbowman
18:51 Padded Archer Armor
19:10 Bodkin Arrow
23:57 Wheelbarrow
27:19 Scale Mail Armor
28:04 Gold Mining
31:52 Forging
31:51 Squires
32:21 Ballistics
34:46 Thumb Ring
35:19 Chain Mail Armor
39:47 Heavy Plow
40:04 Leather Archer Armor
46:56 Imperial Age
45:09 Masonry
45:25 Hand Cart
48:38 Imperial Age
47:32 Iron Casting
46:38 Elite Skirmisher
48:38 Arbalester
49:20 Bracer
50:22 Chemistry
51:24 Ring Archer Armor
53:59 Architecture
54:33 Guard Tower
58:36 Iron Casting
59:52 Halberdier
60:19 Halberdier
61:25 Arson
唐火火
4:22 Loom
14:24 Feudal Age
14:31 Double-Bit Axe
18:30 Wheelbarrow
22:14 Castle Age
25:34 Horse Collar
26:28 Pikeman
27:27 Squires
30:58 Forging
32:04 Bow Saw
31:58 Heavy Plow
36:48 Iron Casting
36:30 Arson
40:52 Man-at-Arms
42:44 Long Swordsman
51:50 Imperial Age
52:15 Hand Cart
59:45 Halberdier
61:44 Blast Furnace
93老玩家回归
6:36 Loom
15:25 Feudal Age
16:02 Fishing Lines
16:13 Double-Bit Axe
23:47 Castle Age
22:10 Fletching
22:21 Padded Archer Armor
25:38 Medium Warships
25:21 Gillnets
26:03 Bodkin Arrow
26:23 Leather Archer Armor
26:47 Wheelbarrow
27:37 Gold Mining
28:54 Hand Cart
28:25 Town Watch
28:54 Stone Mining
37:38 Imperial Age
36:36 Bow Saw
36:59 Thumb Ring
37:39 Ballistics
38:49 Conscription
38:59 Parthian Tactics
38:41 Bracer
39:11 Ring Archer Armor
38:24 Treadmill Crane
40:56 Two-Man Saw
39:46 Pikeman
40:26 Squires
41:07 Halberdier
42:47 Husbandry
42:57 Bloodlines
42:18 Heavy Cavalry Archer
44:42 Chemistry
44:39 Kataparuto
44:24 Yasama
44:43 Siege Engineers
44:34 Murder Holes
45:24 Caravan
45:58 Coinage
47:38 Guard Tower
47:59 Masonry
06老玩家回归
13:09 Feudal Age
13:49 Fishing Lines
14:25 Loom
17:46 Castle Age
15:51 Fishing Lines
17:25 Bloodlines
17:41 Double-Bit Axe
18:42 Bow Saw
18:33 Gillnets
19:08 Horse Collar
20:39 Scale Barding Armor
21:47 Husbandry
21:57 Gold Mining
25:26 Wheelbarrow
27:03 Forging
27:54 Chain Barding Armor
33:32 Hand Cart
33:02 Town Watch
44:16 Fletching
47:08 Imperial Age
46:13 Stone Mining
47:23 Iron Casting
46:55 Bodkin Arrow
47:45 Cavalier
49:04 Plate Barding Armor
49:30 Blast Furnace
49:10 Pikeman
53:22 Scale Mail Armor
55:36 Chain Mail Armor
56:06 Conscription
58:51 Bracer
58:51 Padded Archer Armor
58:55 Elite Skirmisher
60:38 Chemistry
61:55 Leather Archer Armor
62:32 Thumb Ring
63:04 Ballistics
62:55 Masonry
63:44 Ring Archer Armor
64:53 Stone Shaft Mining
64:20 Heavy Plow
Fireworks
12:41 Feudal Age
12:04 Loom
14:51 Double-Bit Axe
17:25 Castle Age
16:21 Fletching
17:03 Gold Mining
18:10 Town Watch
18:01 Crossbowman
19:06 Padded Archer Armor
22:03 Bodkin Arrow
32:26 Ballistics
34:28 Bow Saw
34:00 Horse Collar
34:59 Gold Shaft Mining
39:56 Imperial Age
37:24 Stone Mining
37:36 Heavy Plow
41:49 Chemistry
40:50 Bracer
44:32 Arbalester
46:18 Scale Mail Armor
46:34 Leather Archer Armor
46:29 Forging
47:16 Chain Mail Armor
46:22 Pikeman
47:03 Squires
50:50 Chieftains
53:46 Plate Mail Armor
Connection lost

Rejoining the realm…

Still unreachable

The connection could not be restored.

Session expired

The server has moved on; the page needs a fresh start.